 Dungeon Crawl Stone Soup version 0.15-a0-258-g027b8cd (webtiles) character file.

1997 PolkaDot the Jinx (level 8, -3/52 HPs)
             Began as a Vampire Enchanter on Apr 27, 2014.
             Slain by an ogre
             ... wielding a +0,+0 giant club
              (30 damage)
             ... on Level 6 of the Dungeon.
             The game lasted 00:31:46 (6629 turns).

PolkaDot the Jinx (Vampire Enchanter)               Turns: 6629, Time: 00:31:46

HP  -3/52        AC  6     Str  7      XL: 8   Next: 74%
MP   9/13        EV 13     Int 17      God:
Gold 286         SH  0     Dex 16      Spells:  5 memorised,  0 levels left

rFire  . . .     SeeInvis +     o - +0 dagger (freeze)
rCold  + + .     Clarity  .     b - +1 robe
rNeg   + + +     Conserve .     (no shield)
rPois  +         rCorr    .     s - +0 helmet
rElec  .         rRot     +     (no cloak)
SustAb . .       Spirit   .     u - +0 pair of gloves
rMut   .         Warding  .     q - +0 pair of boots
Saprov . . .     Stasis   .     (no amulet)
MR     .....                    (no ring)
                                l - ring of sustenance

@: non-regenerating, not resistant to hostile enchantments, extremely stealthy
A: bottle blood, fangs 3, see invisible, unbreathing
a: Bat Form, Bottle Blood


You were on level 6 of the Dungeon.
You were bloodless.

You visited 1 branch of the dungeon, and saw 6 of its levels.

You collected 286 gold pieces.

Inventory:

Hand weapons
 o - a +0,+0 dagger of freezing (weapon)
Missiles
 d - 10 darts (quivered)
Armour
 b - a +1 robe (worn)
 q - a +0 pair of boots (worn)
 s - a +0 helmet (worn)
 u - a +0 pair of gloves (worn)
Magical devices
 h - a wand of magic darts (14)
 m - a wand of frost (24)
Scrolls
 a - a scroll of recharging
 e - a scroll of teleportation
 g - 2 scrolls of identify
 k - a scroll of fear
 n - 4 scrolls of remove curse
 p - a scroll of enchant weapon I {unknown}
Jewellery
 l - a ring of sustenance (left hand)
Potions
 f - 6 potions of curing
 i - a potion of flight
 j - a potion of restore abilities
 r - a potion of resistance {unknown}
 t - a potion of mutation {unknown}
Books
 c - a book of Maledictions

   Spells                             Type                      Level
   *Corona                            Hexes                        1
   *Sure Blade                        Hexes/Charms                 2
   *Ensorcelled Hibernation           Hexes/Ice                    2
   *Confuse                           Hexes                        3
   *Dazzling Spray                    Conjuration/Hexes            3
   Enslavement                        Hexes                        4


   Skills:
 + Level 6.2 Short Blades
 - Level 0.7 Throwing
 - Level 2.1 Dodging
 + Level 8.9 Stealth
 - Level 2.0 Spellcasting
 * Level 11.9 Hexes


You couldn't memorise any spells.
You knew the following spells:

 Your Spells              Type           Power        Failure   Level  Hunger
a - Corona                Hex            #####..      1%          1    #......
b - Sure Blade            Hex/Chrm       ###.......   2%          2    ###....
c - Confuse               Hex            #####...     1%          3    ####...
d - Ensorcelled Hibernat  Hex/Ice        ###...       2%          2    ###....
s - Dazzling Spray        Conj/Hex       ###.....     8%          3    ####...


Dungeon Overview and Level Annotations

Branches:
Dungeon (6/15)
 Temple: D:4-7

Altars:
Makhleb
Xom
Yredelemnul


Innate Abilities, Weirdness & Mutations

You do not heal naturally.
You can bottle blood from corpses.
You have razor-sharp teeth.*
You have supernaturally acute eyesight.
You can survive without breathing.*


Message History

You spend a moment contemplating the meaning of unlife.
You see here an iguana corpse.
An ogre comes into view. It is wielding a giant club.
The ogre moves out of view.
The ogre shouts!
Found a stone staircase leading up.
Casting: Ensorcelled Hibernation
Confirm with . or Enter, or press ? or * to list all spells.
Aiming: Ensorcelled Hibernation
Press: ? - help, Shift-Dir - straight line, f - ogre
Aim: an ogre, wielding a giant club The ogre resists.
Casting: Ensorcelled Hibernation
Confirm with . or Enter, or press ? or * to list all spells.
Aiming: Ensorcelled Hibernation
Press: ? - help, Shift-Dir - straight line, f/p - ogre
Aim: an ogre, wielding a giant club The ogre resists.
The ogre hits you with a giant club!
Ouch! That really hurt!
You die...

< .### ..... ..... #.#..
#.#.# #.#.# ##O#.# ##
######.@#.# ..
..............# .#
#..#######.#..# .# #..#
#.#..# ## #..# #.#..# #..#
#.#..#
######..#######.#..##########
.............................
.(......# #.###.#..##########
#.......###..............#


You could see an ogre.

Vanquished Creatures
  Eustachio (D:4)
  2 orc warriors (D:6)
  3 ogres
  A sky beast (D:6)
  A centaur (D:3)
  Sigmund (D:4)
  3 crimson imps
  A quasit (D:5)
  An iron imp (D:4)
  6 orc priests
  A hound (D:5)
  Natasha (thrice) (D:3)
  An iguana (D:6)
  2 worker ants (D:4)
  4 orc wizards
  Ijyb (D:3)
  A worker ant zombie (D:5)
  7 adders
  4 gnolls (D:3)
  3 giant mites
  An orc skeleton (D:6)
  2 worms
  An ufetubus (D:4)
  A giant eyeball (D:6)
  3 oozes
  26 orcs
  9 bats
  A bat zombie (D:5)
  9 goblins
  16 hobgoblins
  14 kobolds
  A quokka (D:3)
  2 ball pythons
  6 giant cockroaches
  4 giant geckos
  3 giant newts (D:1)
  A giant spore (D:6)
  4 jackals (D:2)
  9 rats
  A rat zombie (D:5)
  2 ballistomycetes (D:6)
163 creatures vanquished.

Vanquished Creatures (others)
  A giant cockroach (D:4)
  2 goblins (D:4)
  A hobgoblin (D:4)
  A kobold (D:4)
  A rat (D:4)
6 creatures vanquished.

Grand Total: 169 creatures vanquished

Notes
Turn   | Place    | Note
--------------------------------------------------------------
     0 | D:1      | PolkaDot, the Vampire Enchanter, began the quest for the Orb.
     0 | D:1      | Reached XP level 1. HP: 13/13 MP: 3/3
   545 | D:1      | Reached XP level 2. HP: 17/19 MP: 2/4
   581 | D:1      | Learned a level 2 spell: Ensorcelled Hibernation
   936 | D:1      | Reached skill level 5 in Hexes
  1199 | D:2      | Reached XP level 3. HP: 24/24 MP: 3/6
  1951 | D:2      | Reached skill level 6 in Hexes
  2077 | D:3      | Noticed Natasha
  2088 | D:3      | Found a basalt altar of Yredelemnul.
  2095 | D:3      | Killed Natasha
  2095 | D:3      | Reached XP level 4. HP: 25/30 MP: 2/7
  2217 | D:3      | Noticed Natasha
  2448 | D:3      | Killed Natasha
  2562 | D:3      | Noticed Ijyb
  2593 | D:3      | Killed Ijyb
  2757 | D:3      | Reached XP level 5. HP: 35/35 MP: 6/9
  2762 | D:3      | Learned a level 3 spell: Confuse
  2765 | D:3      | Learned a level 2 spell: Sure Blade
  2801 | D:3      | Noticed Natasha
  2808 | D:3      | Killed Natasha
  2824 | D:3      | Noticed a centaur
  2832 | D:3      | Killed a centaur
  2832 | D:3      | Reached skill level 7 in Hexes
  3105 | D:3      | Reached skill level 5 in Stealth
  3109 | D:3      | Reached XP level 6. HP: 35/41 MP: 3/10
  3398 | D:3      | Reached skill level 8 in Hexes
  3903 | D:4      | Noticed Sigmund
  3912 | D:4      | Killed Sigmund
  3927 | D:4      | Reached skill level 9 in Hexes
  3927 | D:4      | Reached XP level 7. HP: 17/46 MP: 9/12
  4200 | D:4      | Found a shimmering altar of Xom.
  4357 | D:4      | Noticed Eustachio
  4436 | D:4      | Killed Eustachio
  4740 | D:5      | Entered Level 5 of the Dungeon
  4848 | D:5      | Reached skill level 5 in Short Blades
  4848 | D:5      | Reached skill level 10 in Hexes
  5420 | D:5      | Reached XP level 8. HP: 24/52 MP: 1/13
  5604 | D:6      | Paralysed by a giant eyeball for 3 turns
  5772 | D:6      | Reached skill level 11 in Hexes
  6005 | D:6      | Found a burning altar of Makhleb.
  6600 | D:6      | Learned a level 3 spell: Dazzling Spray
  6629 | D:6      | Slain by an ogre

Action                   |  1- 3 |  4- 6 |  7- 9 || total
-------------------------+-------+-------+-------++-------
Melee: Dagger            |    79 |    85 |   223 ||   387
       Short sword       |       |       |     9 ||     9
Throw: Dart              |     9 |       |     1 ||    10
 Cast: Corona            |     9 |     1 |       ||    10
       Ensorcelled Hiber |    18 |    51 |    83 ||   152
       Confuse           |       |       |     3 ||     3
Evoke: Wand              |     1 |       |     1 ||     2
  Use: Scroll            |       |     9 |     4 ||    13
       Potion            |       |     5 |     8 ||    13
 Stab: Sleeping          |    21 |    36 |    53 ||   110
       Distracted        |       |     2 |     1 ||     3
       Confused          |       |       |     2 ||     2
